[Event "ICC tourney 2008 (45 10)"]
[Site "Internet Chess Club"]
[Date "2020.09.19"]
[Round "1"]
[White "DrPatzenGambino"]
[Black "Chris0708"]
[Result "1-0"]
[ICCResult "Black checkmated"]
[WhiteElo "1542"]
[BlackElo "1253"]
[Opening "Center game"]
[ECO "C21"]
[NIC "KP.04"]
[Time "11:02:56"]
[TimeControl "2700+10"]

1. e4 e5 2. d4 exd4 3. Bc4 Nc6 4. c3 d3 5. Nf3 Nge7 6. Bg5 h6 7. Bh4 g5 8.
Bg3 Bg7 9. Qxd3 b6 10. Na3 Bb7 11. Nb5 Rc8 12. O-O-O a6 13. Nbd4 Nxd4 14.
Nxd4 b5 15. Bb3 c5 16. Nf5 Nxf5 17. exf5 c4 18. Rhe1+ Kf8 19. Qd6+ Kg8 20.
Bc2 Bxg2 21. Re7 Bf8 22. f6 Bxe7 23. fxe7 Qe8 24. Be5 Rh7 25. Qf6 Qxe7 26.
Bxh7+ Kf8 27. Qh8# {Black checkmated} 1-0

[Event "ICC tourney 2008 (45 10)"]
[Site "Internet Chess Club"]
[Date "2020.09.19"]
[Round "1"]
[White "amdink"]
[Black "WizardY"]
[Result "0-1"]
[ICCResult "White resigns"]
[WhiteElo "1218"]
[BlackElo "1449"]
[Opening "Sicilian: dragon variation"]
[ECO "B70"]
[NIC "SI.15"]
[Time "11:02:49"]
[TimeControl "2700+10"]

1. e4 c5 2. Nf3 d6 3. d4 cxd4 4. Nxd4 Nf6 5. Nc3 g6 6. Bc4 Bg7 7. O-O O-O 8.
h3 Nc6 9. Nxc6 bxc6 10. Be3 Bd7 11. Qd2 Rb8 12. Bxa7 Rxb2 13. Bb3 Qa5 14.
Be3 Ra8 15. f3 c5 16. Nd1 Qxd2 17. Bxd2 Rxb3 18. cxb3 Nxe4 19. Rc1 Nxd2 20.
Rc2 Nxf1 21. Kxf1 Bf5 22. Rd2 Ra3 23. Ne3 Bb1 24. Nd5 e6 25. Ne7+ Kf8 26.
Nc6 d5 27. Rd1 Bxa2 28. Rc1 c4 29. bxc4 Bxc4+ 30. Kf2 Ra2+ 31. Kg1 Ra1 32.
Rxa1 Bxa1 33. Kf2 d4 34. Ke1 Bc3+ 35. Kd1 d3 {White resigns} 0-1

[Event "ICC tourney 2008 (45 10)"]
[Site "Internet Chess Club"]
[Date "2020.09.19"]
[Round "1"]
[White "SoaringHawk24"]
[Black "GPWKnight"]
[Result "1-0"]
[ICCResult "Black resigns"]
[WhiteElo "1337"]
[BlackElo "1569"]
[Opening "French: Fort Knox variation"]
[ECO "C03"]
[NIC "FR.07"]
[Time "11:02:51"]
[TimeControl "2700+10"]

1. e4 e6 2. d4 d5 3. Nd2 dxe4 4. Nxe4 Bd7 5. Nf3 Bc6 6. Bd3 Nd7 7. O-O Ngf6
8. Bg5 Be7 9. Nxf6+ Bxf6 10. Bxf6 Qxf6 11. c3 Bxf3 12. Qxf3 Qxf3 13. gxf3
Nf6 14. Kh1 O-O-O 15. Bc2 g6 16. Rg1 Rd6 17. Bb3 Rhd8 18. Rg5 Kb8 19. Rg3 h5
20. Rag1 Nd5 21. Bxd5 Rxd5 22. Rg5 c6 23. h4 Kc7 24. f4 R8d7 25. R1g2 Kd8
26. Kg1 Ke7 27. Kf1 Kf8 28. Ke2 Ke7 29. Kd3 Rf5 30. Rxf5 exf5 31. Rg1 f6 32.
Rxg6 c5 33. Rg7+ Kd6 34. dxc5+ Kc6+ 35. Rxd7 Kxd7 36. Kd4 Kc6 37. b4 a6 38.
a4 b5 39. cxb6 Kxb6 40. Kd5 {Black resigns} 1-0

[Event "ICC tourney 2008 (45 10)"]
[Site "Internet Chess Club"]
[Date "2020.09.19"]
[Round "1"]
[White "FlowingMelody"]
[Black "aakashjr"]
[Result "0-1"]
[ICCResult "White resigns"]
[WhiteElo "1283"]
[BlackElo "1589"]
[Opening "Scandinavian: Marshall variation"]
[ECO "B01"]
[NIC "SD.03"]
[Time "11:02:51"]
[TimeControl "2700+10"]

1. e4 d5 2. exd5 Nf6 3. d4 Nxd5 4. Nf3 c5 5. dxc5 e6 6. Bc4 Bxc5 7. Bxd5
exd5 8. O-O O-O 9. Bf4 Nc6 10. Nc3 Be6 11. Qe2 Re8 12. Qd2 Qd7 13. Rad1 Rad8
14. Ne5 Nxe5 15. Bxe5 Bf5 16. Rfe1 d4 17. Qg5 Bf8 18. Ne2 Rxe5 19. Qf4 Bd6
20. Qxd4 Bxc2 21. Rd2 Re4 22. Qc3 Bxh2+ 23. Kxh2 Qxd2 24. Qxd2 Rxd2
{White resigns}
0-1

[Event "ICC tourney 2008 (45 10)"]
[Site "Internet Chess Club"]
[Date "2020.09.19"]
[Round "1"]
[White "shrey16ultimate"]
[Black "stephenwilly"]
[Result "0-1"]
[ICCResult "White checkmated"]
[WhiteElo "1591"]
[BlackElo "1364"]
[Opening "Modern defense"]
[ECO "A40"]
[NIC "QO.17"]
[Time "11:02:49"]
[TimeControl "2700+10"]

1. d4 g6 2. Bf4 Bg7 3. e3 c5 4. c3 cxd4 5. cxd4 d6 6. Nf3 Nc6 7. Nbd2 e5 8.
dxe5 dxe5 9. Bg3 Nge7 10. Bb5 Be6 11. Nxe5 O-O 12. Bxc6 Nxc6 13. Nxc6 bxc6
14. Qc2 Re8 15. O-O h5 16. h3 h4 17. Bh2 g5 18. Rfd1 Qb6 19. Rdb1 g4 20.
hxg4 Bxg4 21. Nc4 Qc5 22. Bf4 Bf5 23. Qb3 Bxb1 24. Rxb1 h3 25. gxh3 Qf5 26.
Rc1 Qxh3 27. Nd2 Be5 28. Rc4 Re6 29. Nf1 Bxf4 30. Rxf4 Rh6 31. Qxf7+ Kh8 32.
Ng3 Rg8 33. Rh4 Qxh4 34. Kf1 Rf6 35. Qc7 Rxg3 36. Ke1 Rxe3+ 37. Kd2 Qd4+ 38.
Kc2 Rxf2+ 39. Kc1 Re1# {White checkmated} 0-1

[Event "ICC tourney 2008 (45 10)"]
[Site "Internet Chess Club"]
[Date "2020.09.19"]
[Round "1"]
[White "wildrumpus"]
[Black "AdityaBang"]
[Result "1/2-1/2"]
[ICCResult "Game drawn by mutual agreement"]
[WhiteElo "1434"]
[BlackElo "1242"]
[Opening "Queen's pawn game"]
[ECO "D00"]
[NIC "QP.08"]
[Time "11:02:53"]
[TimeControl "2700+10"]

1. d4 d5 2. e3 e6 3. Bd3 Nf6 4. Nd2 Nbd7 5. f4 b6 6. Ngf3 Bb7 7. O-O Ne4 8.
c4 f5 9. Ne5 Ndf6 10. cxd5 Nxd2 11. Qa4+ Ke7 12. Bxd2 Qxd5 13. Rf2 Ng4 14.
Bb4+ c5 15. dxc5 Nxf2 16. c6+ Kf6 17. Kxf2 Bxc6 18. Qxc6 Bxb4 19. Nd7+ Ke7
20. Qxd5 exd5 21. Bxf5 g6 22. Bh3 Rac8 23. Ne5 Rc2+ 24. Kf3 g5 25. Rd1 h5
26. Ng6+ Kf6 27. Nxh8 g4+ 28. Bxg4 hxg4+ 29. Kxg4 Rxg2+ 30. Kh3 Rg8 31. Nf7
Kxf7 32. Rxd5 Ke6 33. e4 Ke7 34. Rg5 Rh8+ 35. Kg2 Bd2 36. Rg4 Kf6 37. h4 Be1
38. Kh3 Bd2 39. b3 Re8 40. f5 Kf7 41. h5 Rh8 42. Rh4 Bg5 43. e5 Bxh4 44.
Kxh4 Re8 45. e6+ Kf6 46. Kg4 Rd8 47. h6 Rd4+ 48. Kg3 Rd8 49. Kg4 Rh8 50. e7
Kxe7 51. Kg5 Rg8+ 52. Kh5 Kf6 53. h7 Rh8 54. Kh6 Kxf5 55. Kg7 Rc8 56. h8=Q
Rxh8 57. Kxh8 Ke5 58. Kg7 Kd5 59. Kf6 a5 60. a3 Kc5 61. Ke5 b5 62. Ke4 b4
{Game drawn by mutual agreement}
1/2-1/2

[Event "ICC tourney 2008 (45 10)"]
[Site "Internet Chess Club"]
[Date "2020.09.19"]
[Round "1"]
[White "TheMoffattMan"]
[Black "handsomematch"]
[Result "1-0"]
[ICCResult "Black resigns"]
[WhiteElo "1434"]
[BlackElo "1213"]
[Opening "Giuoco Piano"]
[ECO "C50"]
[NIC "IG.02"]
[Time "11:03:40"]
[TimeControl "2700+10"]

1. e4 e5 2. Nf3 Nc6 3. Bc4 Bc5 4. Nc3 d6 5. h3 Nf6 6. a3 O-O 7. O-O a6 8.
Re1 Nd4 9. d3 h6 10. Be3 Nxf3+ 11. Qxf3 Bxe3 12. Rxe3 b5 13. Bd5 Nxd5 14.
Nxd5 c6 15. Nc3 Be6 16. Qh5 Kh7 17. Ne2 g6 18. Qf3 Qd7 19. c3 f5 20. exf5
Bxf5 21. Qg3 Rae8 22. c4 Qe6 23. Nd4 Qd7 24. Nxf5 Rxf5 25. b4 Qe6 26. cxb5
axb5 27. d4 Qf6 28. dxe5 Rfxe5 29. Rxe5 Qxe5 30. Qxe5 dxe5 31. a4 bxa4 32.
Rxa4 Rb8 33. Ra7+ Kg8 34. Ra6 Rc8 35. b5 cxb5 36. Rxg6+ Kh7 37. Rb6 Rc1+ 38.
Kh2 Rb1 39. Kg3 b4 40. Kg4 b3 41. Kf5 b2 42. g4 Kg7 43. Rb7+ Kh8 44. Kg6 Rd1
45. Rb8+ {Black resigns} 1-0

[Event "ICC tourney 2008 (45 10)"]
[Site "Internet Chess Club"]
[Date "2020.09.19"]
[Round "1"]
[White "mnm1"]
[Black "geeleong"]
[Result "0-1"]
[ICCResult "White checkmated"]
[WhiteElo "1341"]
[BlackElo "1658"]
[Opening "Scandinavian gambit"]
[ECO "B01"]
[NIC "SD.03"]
[Time "11:03:16"]
[TimeControl "2700+10"]

1. e4 d5 2. exd5 Nf6 3. c4 c6 4. dxc6 Nxc6 5. Nf3 Bg4 6. Be2 e5 7. d3 h6 8.
Be3 Bd6 9. Nc3 O-O 10. O-O Qe7 11. Nd2 Be6 12. a3 Rfd8 13. Nde4 Nxe4 14.
Nxe4 Bc7 15. Qc2 Nd4 16. Bxd4 Rxd4 17. Rad1 Rf8 18. Bf3 b6 19. Rfe1 f5 20.
Nc3 Rf6 21. Nd5 Bxd5 22. Bxd5+ Kh8 23. Rd2 Qd6 24. g3 f4 25. Rde2 Qd7 26.
Kg2 Rxd5 27. cxd5 f3+ 28. Kh1 fxe2 29. Rxe2 Qxd5+ 30. Kg1 Rc6 31. Qd2 b5 32.
Qe3 a5 33. f3 Bb6 34. d4 Bxd4 35. Qxd4 Qxd4+ 36. Kg2 b4 37. axb4 axb4 38.
Re4 Qxe4 39. fxe4 Rc2+ 40. Kf3 Rxb2 41. h3 Rc2 42. Kg4 b3 43. Kf5 b2 44.
Kxe5 Rc3 45. Kf5 b1=Q 46. Ke5 Rxg3 47. Kd5 Rxh3 48. e5 Rh5 49. Kd6 Qb6+ 50.
Kd7 Rxe5 51. Kc8 Ra5 52. Kd7 Ra7+ 53. Ke8 Qb8# {White checkmated} 0-1

[Event "ICC tourney 2008 (45 10)"]
[Site "Internet Chess Club"]
[Date "2020.09.19"]
[Round "1"]
[White "QueenHM"]
[Black "mnm2"]
[Result "0-1"]
[ICCResult "White checkmated"]
[WhiteElo "1573"]
[BlackElo "1325"]
[Opening "Sicilian: Smith-Morra gambit"]
[ECO "B21"]
[NIC "SI.48"]
[Time "11:02:53"]
[TimeControl "2700+10"]

1. e4 c5 2. d4 cxd4 3. c3 dxc3 4. Nxc3 Nc6 5. Nf3 e6 6. Bc4 Bb4 7. O-O Nge7
8. e5 O-O 9. Ne4 Nf5 10. Nd6 Bxd6 11. exd6 b6 12. Bf4 Bb7 13. Re1 Rc8 14.
Rc1 Qf6 15. Ne5 Nxe5 16. Bxe5 Qg5 17. g3 Nh4 18. Bf4 Qg6 19. Re3 Ng2 20. Bd3
Nxe3 21. Bxg6 Nxd1 22. Rxd1 fxg6 23. h4 Rc2 24. a4 Rxb2 25. Rc1 Bc6 26. Ra1
Rf5 27. a5 Rxa5 28. Rc1 Rd5 29. Kh2 Rxf2+ 30. Kh3 Rd3 31. h5 Rxf4 32. hxg6
hxg6 33. Ra1 Ra4 34. Rg1 Rxd6 35. g4 Rd3+ 36. Kh4 Ra5 37. Rf1 g5+ 38. Kh5
Rh3+ 39. Kg6 Be4+ 40. Rf5 exf5 41. Kxg5 fxg4+ 42. Kxg4 Rha3 43. Kf4 R5a4 44.
Ke5 Bg2 45. Kd6 b5 46. Kc7 b4 47. Kd8 b3 48. Ke7 b2 49. Kd8 b1=Q 50. Kc7
Qb6+ 51. Kc8 Rc4+ 52. Kxd7 Rd3+ 53. Ke7 Qf6+ 54. Ke8 Rc8# {White checkmated}
0-1

[Event "ICC tourney 2008 (45 10)"]
[Site "Internet Chess Club"]
[Date "2020.09.19"]
[Round "1"]
[White "kween26"]
[Black "VirginiaGuy"]
[Result "1/2-1/2"]
[ICCResult "White stalemated"]
[WhiteElo "1371"]
[BlackElo "1508"]
[Opening "French: exchange variation"]
[ECO "C01"]
[NIC "FR.01"]
[Time "11:03:03"]
[TimeControl "2700+10"]

1. e4 e6 2. d4 d5 3. exd5 exd5 4. Nf3 Nf6 5. c4 Nc6 6. Nc3 Be7 7. Bd3 O-O 8.
O-O Bg4 9. h3 Bc8 10. Re1 Re8 11. Bg5 Be6 12. Qc2 Nb4 13. Qe2 Nxd3 14. Qxd3
dxc4 15. Qc2 Nd5 16. Bxe7 Rxe7 17. Ng5 Nf6 18. Rad1 h6 19. Nge4 Re8 20.
Nxf6+ Qxf6 21. Ne4 Qg6 22. Qc3 Bxh3 23. Qxh3 Rxe4 24. Qd7 Rxe1+ 25. Rxe1 Qb6
26. Re2 Rf8 27. Qd5 Qa6 28. Re7 Qxa2 29. Rxc7 Qxb2 30. Rxb7 Qa1+ 31. Kh2 c3
32. Qb3 Qe1 33. Qc2 a5 34. Rb3 Rc8 35. Rb1 Qe6 36. Qd3 Qd6+ 37. Kg1 c2 38.
Rc1 Qc6 39. d5 Qc3 40. Qxc3 Rxc3 41. Kf1 Kf8 42. Ke2 Ke7 43. Kd2 Rc8 44.
Re1+ Kd6 45. Kc1 a4 46. Re4 a3 47. Ra4 Rc3 48. Ra5 a2 49. Rxa2 Kxd5 50. Ra7
Ke6 51. Ra2 f5 52. Ra6+ Kf7 53. Rb6 g6 54. Ra6 h5 55. Ra2 Kf6 56. Rxc2 Rxc2+
57. Kxc2 Ke5 58. Kd3 g5 59. Ke3 f4+ 60. Ke2 Ke4 61. f3+ Kd4 62. Kf2 Kd3 63.
Ke1 Ke3 64. Kf1 g4 65. fxg4 hxg4 66. Ke1 f3 67. g3 f2+ 68. Kf1 Kf3
{White stalemated}
1/2-1/2

[Event "ICC tourney 2008 (45 10)"]
[Site "Internet Chess Club"]
[Date "2020.09.19"]
[Round "1"]
[White "AkshatSuresh"]
[Black "Beast908"]
[Result "1/2-1/2"]
[ICCResult "Game drawn by mutual agreement"]
[WhiteElo "1686"]
[BlackElo "1428"]
[Opening "Ruy Lopez: Anderssen variation"]
[ECO "C77"]
[NIC "RL.12"]
[Time "11:03:20"]
[TimeControl "2700+10"]

1. e4 e5 2. Nf3 Nc6 3. Bb5 a6 4. Ba4 Nf6 5. d3 d6 6. c3 b5 7. Bb3 Na5 8. Bc2
c5 9. O-O Bb7 10. Re1 Be7 11. Nbd2 O-O 12. Nf1 h6 13. Ng3 Rc8 14. h3 Qd7 15.
Nf5 Rfe8 16. a3 d5 17. Nxe5 Qe6 18. Nxe7+ Qxe7 19. Ng4 dxe4 20. Nxf6+ Qxf6
21. dxe4 Rcd8 22. Qg4 Nc4 23. Qf4 Qxf4 24. Bxf4 Nxb2 25. Re2 Nd3 26. Bg3
Rxe4 27. Rd2 c4 28. Rad1 Ree8 29. Bxd3 cxd3 30. f3 Kh7 31. Rxd3 Rxd3 32.
Rxd3 f6 33. Rd7 Bc8 34. Rc7 Bf5 35. Bh4 Kg6 36. g4 Bd3 37. f4 f5 38. Rc6+
Kf7 39. Rxa6 fxg4 40. hxg4 Re4 41. Bg3 Re3 42. Kf2 Re2+ 43. Kf3 Rc2 44. Rc6
Be2+ 45. Ke3 Bxg4 {Game drawn by mutual agreement} 1/2-1/2

[Event "ICC tourney 2008 (45 10)"]
[Site "Internet Chess Club"]
[Date "2020.09.19"]
[Round "2"]
[White "VirginiaGuy"]
[Black "adinanda"]
[Result "1-0"]
[ICCResult "Black checkmated"]
[WhiteElo "1516"]
[BlackElo "1248"]
[Opening "Queen's pawn game"]
[ECO "D04"]
[NIC "QP.08"]
[Time "13:31:48"]
[TimeControl "2700+10"]

1. d4 d5 2. Nf3 Nf6 3. e3 c6 4. Bd3 e6 5. Nbd2 Nbd7 6. b3 Bb4 7. Bb2 Qc7 8.
O-O O-O 9. Ne5 Nxe5 10. dxe5 Nd7 11. f4 Qa5 12. Nf3 Nc5 13. Bxh7+ Kxh7 14.
Ng5+ Kg8 15. Qh5 Re8 16. Qxf7+ Kh8 17. Qxe8# {Black checkmated} 1-0

[Event "ICC tourney 2008 (45 10)"]
[Site "Internet Chess Club"]
[Date "2020.09.19"]
[Round "2"]
[White "stephenwilly"]
[Black "DrPatzenGambino"]
[Result "0-1"]
[ICCResult "White checkmated"]
[WhiteElo "1330"]
[BlackElo "1544"]
[Opening "Scandinavian gambit"]
[ECO "B01"]
[NIC "VO.17"]
[Time "13:32:31"]
[TimeControl "2700+10"]

1. e4 d5 2. exd5 c6 3. c4 Nf6 4. Nc3 cxd5 5. cxd5 Nxd5 6. Bb5+ Nc6 7. Nf3
Bg4 8. Qa4 Nxc3 9. Bxc6+ bxc6 10. bxc3 Bxf3 11. gxf3 Qc7 12. Ba3 h5 13. Rb1
g6 14. Kd1 Bh6 15. Re1 Bg5 16. Qd4 O-O 17. Rg1 Rfd8 18. Qe4 Rxd2+ 19. Ke1
Rd5 20. Kf1 Rad8 21. Kg2 e6 22. Kh1 Bf4 23. Rxg6+ fxg6 24. Qxg6+ Qg7 25.
Qxe6+ Kh8 26. Qe2 Rg8 27. Qf1 Rg5 28. Bb2 Rg2 29. c4 Rxh2# {White
checkmated} 0-1

[Event "ICC tourney 2008 (45 10)"]
[Site "Internet Chess Club"]
[Date "2020.09.19"]
[Round "2"]
[White "aakashjr"]
[Black "SoaringHawk24"]
[Result "1-0"]
[ICCResult "Black checkmated"]
[WhiteElo "1580"]
[BlackElo "1306"]
[Opening "French: Rubinstein variation"]
[ECO "C10"]
[NIC "FR.07"]
[Time "13:31:42"]
[TimeControl "2700+10"]

1. e4 e6 2. d4 d5 3. Nc3 dxe4 4. Nxe4 Nd7 5. Nf3 Ngf6 6. Bd3 Be7 7. Bf4 Nxe4
8. Bxe4 Nf6 9. Bd3 O-O 10. c3 b6 11. O-O Bb7 12. Qe2 Qd7 13. Ne5 Qd5 14. f3
Bd6 15. Bc4 Qa5 16. b4 Qa4 17. Bb5 Qa3 18. Qc2 Bxb4 19. cxb4 Qxb4 20. Qc4
Qxc4 21. Bxc4 Rad8 22. Rad1 b5 23. Bxb5 Nd5 24. Bd2 f6 25. Nd7 Rf7 26. Nc5
Ba8 27. Nxe6 Rd6 28. Nf4 Nb6 29. Bb4 Rd8 30. Ne6 Rb8 31. Bc5 Nd5 32. Bc4 Ne3
33. Rfe1 Nxc4 34. Bxa7 Rb2 35. Bc5 Rxa2 36. Ng5 Bc6 37. Nxf7 Kxf7 38. d5 Ba4
39. Rd4 Bb3 40. Re7+ Kg6 41. Rg4+ Kh6 42. Rexg7 f5 43. R4g5 Ra1+ 44. Kf2
Ra2+ 45. Kg3 Ne5 46. Bf8 f4+ 47. Kh3 Ng6 48. R7xg6# {Black checkmated} 1-0

[Event "ICC tourney 2008 (45 10)"]
[Site "Internet Chess Club"]
[Date "2020.09.19"]
[Round "2"]
[White "AdityaBang"]
[Black "kween26"]
[Result "0-1"]
[ICCResult "White checkmated"]
[WhiteElo "1223"]
[BlackElo "1375"]
[Opening "Two knights defense"]
[ECO "C55"]
[NIC "KP.02"]
[Time "13:31:40"]
[TimeControl "2700+10"]

1. e4 e5 2. Nf3 Nc6 3. Bc4 Nf6 4. d4 exd4 5. O-O Be7 6. e5 Ng4 7. Nxd4 Ngxe5
8. Nf5 Nxc4 9. Nxg7+ Kf8 10. Bh6 Kg8 11. f4 Bf6 12. Qg4 Bd4+ 13. Kh1 Qf6 14.
Ne8+ Qg6 15. Re1 f6 16. Qe2 Ne3 17. Nxc7 Rb8 18. c3 Bb6 19. Nd5 Nxd5 20.
Qe8+ Qxe8 21. Rxe8+ Kf7 22. Rxh8 Bc5 23. Rxh7+ Kg6 24. Rh8 d6 25. b4 Ncxb4
26. cxb4 Bd4 27. Nc3 Nxc3 28. Rf1 f5 29. Rg8+ Kh7 30. Rg5 Be6 31. Rh5 Ne4
32. Bf8+ Kg6 33. Rh6+ Kf7 34. Bxd6 Nxd6 35. Rh7+ Kg6 36. Re7 Kf6 37. Rh7 Ne4
38. g3 Nf2+ 39. Kg2 Bd5+ 40. Kg1 Nh3# {White checkmated} 0-1

[Event "ICC tourney 2008 (45 10)"]
[Site "Internet Chess Club"]
[Date "2020.09.19"]
[Round "2"]
[White "Beast908"]
[Black "wildrumpus"]
[Result "0-1"]
[ICCResult "White resigns"]
[WhiteElo "1372"]
[BlackElo "1451"]
[Opening "Caro-Kann: Bronstein-Larsen variation"]
[ECO "B16"]
[NIC "CK.07"]
[Time "13:31:42"]
[TimeControl "2700+10"]

1. e4 c6 2. d4 d5 3. Nc3 dxe4 4. Nxe4 Nf6 5. Nxf6+ gxf6 6. Nf3 Bg4 7. Be2 e6
8. h3 Bh5 9. O-O Bd6 10. c3 Nd7 11. Be3 Qc7 12. Nd2 Bxe2 13. Qxe2 O-O-O 14.
Ne4 Bh2+ 15. Kh1 f5 16. Nd2 Bd6 17. Bg5 Rde8 18. Nc4 Bf4 19. Bxf4 Qxf4 20.
Ne5 Nxe5 21. Qxe5 Qg5 22. Rae1 Rhg8 23. Rg1 Rg6 24. Re3 Reg8 25. Rg3 Qh4 26.
Rxg6 hxg6 27. Qe3 f4 28. Qe2 g5 29. Kh2 g4 30. Qf1 Rh8 31. f3 Qg3+ 32. Kh1
gxh3 {White resigns} 0-1

[Event "ICC tourney 2008 (45 10)"]
[Site "Internet Chess Club"]
[Date "2020.09.19"]
[Round "2"]
[White "WizardY"]
[Black "SunnyDays0"]
[Result "1-0"]
[ICCResult "Black resigns"]
[WhiteElo "1445"]
[BlackElo "1147"]
[Opening "French: advance, Paulsen attack"]
[ECO "C02"]
[NIC "FR.03"]
[Time "13:31:41"]
[TimeControl "2700+10"]

1. e4 e6 2. d4 d5 3. e5 c5 4. c3 Nc6 5. Nf3 Nge7 6. Bd3 Nf5 7. Bxf5 exf5 8.
O-O Be7 9. Be3 cxd4 10. cxd4 O-O 11. Nc3 Be6 12. a3 f6 13. exf6 Bxf6 14. Re1
Bf7 15. Bf4 Qb6 16. Na4 Qb5 17. Rc1 b6 18. b4 Nxd4 19. Nxd4 Bxd4 20. Qxd4
Qxa4 21. Be5 Be6 22. Bxg7 Rfe8 23. Bh6 Qd7 24. Rc6 {Black resigns} 1-0

[Event "ICC tourney 2008 (45 10)"]
[Site "Internet Chess Club"]
[Date "2020.09.19"]
[Round "2"]
[White "handsomematch"]
[Black "QueenHM"]
[Result "0-1"]
[ICCResult "White resigns"]
[WhiteElo "1212"]
[BlackElo "1603"]
[Opening "Sicilian: dragon, classical attack"]
[ECO "B73"]
[NIC "SI.15"]
[Time "13:32:31"]
[TimeControl "2700+10"]

1. e4 c5 2. Nf3 d6 3. d4 cxd4 4. Nxd4 Nf6 5. Nc3 g6 6. Be2 Bg7 7. Be3 O-O 8.
O-O Nc6 9. f3 Nxd4 10. Bxd4 Be6 11. Qd2 a6 12. Rad1 Rc8 13. f4 Bc4 14. e5
Bxe2 15. Qxe2 dxe5 16. fxe5 Nd5 17. e6 Nxc3 18. exf7+ Rxf7 19. Bxc3 Qb6+ 20.
Kh1 Bxc3 21. Rxf7 Kxf7 22. Rc1 Bxb2 23. Rf1+ Bf6 24. Qe4 Qc6 25. Qh4 Kg7 26.
Qb4 b5 27. Qa3 Qxc2 28. Qxa6 b4 29. Qb7 Qc1 30. Qa6 Qc4 {White resigns} 0-1

[Event "ICC tourney 2008 (45 10)"]
[Site "Internet Chess Club"]
[Date "2020.09.19"]
[Round "2"]
[White "geeleong"]
[Black "TheMoffattMan"]
[Result "1-0"]
[ICCResult "Black resigns"]
[WhiteElo "1657"]
[BlackElo "1389"]
[Opening "Queen's pawn game"]
[ECO "D00"]
[NIC "QP.08"]
[Time "13:31:44"]
[TimeControl "2700+10"]

1. d4 d5 2. e3 g6 3. Nf3 Bg7 4. Bd3 Nf6 5. Nbd2 O-O 6. O-O Re8 7. c4 c6 8.
Re1 Nbd7 9. Ne5 Nxe5 10. dxe5 Nd7 11. f4 Nc5 12. Bc2 d4 13. Qf3 dxe3 14.
Qxe3 b6 15. Ne4 Bf5 16. b4 Bxe4 17. Bxe4 Nxe4 18. Qxe4 c5 19. bxc5 bxc5 20.
Be3 Qc7 21. Rab1 e6 22. Rb7 Qc8 23. Rd1 Rd8 24. Rdb1 Rd7 25. Rxd7 Qxd7 26.
Qxa8+ Bf8 27. Bxc5 Qd1+ {Black resigns} 1-0

[Event "ICC tourney 2008 (45 10)"]
[Site "Internet Chess Club"]
[Date "2020.09.19"]
[Round "2"]
[White "GPWKnight"]
[Black "FlowingMelody"]
[Result "1/2-1/2"]
[ICCResult "Game drawn by mutual agreement"]
[WhiteElo "1577"]
[BlackElo "1293"]
[Opening "Ruy Lopez: exchange, Gligoric variation"]
[ECO "C69"]
[NIC "RL.08"]
[Time "13:32:31"]
[TimeControl "2700+10"]

1. e4 e5 2. Nf3 Nc6 3. Bb5 a6 4. Bxc6 dxc6 5. O-O f6 6. d4 exd4 7. Qxd4 Bg4
8. Qe3 Qd7 9. h3 Be6 10. Nc3 Bd6 11. b3 Qf7 12. Ne2 Ne7 13. Bb2 b6 14. Rad1
Qg6 15. Nf4 Bxf4 16. Qxf4 Bxh3 17. Nh4 Qg4 18. Qxg4 Bxg4 19. Rd2 Rd8 20.
Rxd8+ Kxd8 21. f3 Be6 22. g3 Ng6 23. Ng2 Ke7 24. Rd1 Rd8 25. Rxd8 Kxd8 26.
Ne3 Kd7 27. Kf2 Kd6 28. f4 Bd7 29. Ba3+ c5 30. Bb2 Ne7 31. e5+ Ke6 32. exf6
gxf6 33. g4 f5 34. g5 Ng6 35. Kg3 a5 36. Nc4 a4 37. Ne5 Be8 38. Nxg6 hxg6
39. Kf2 axb3 40. axb3 Kd5 41. Ke3 c4 42. b4 c5 43. c3 cxb4 44. cxb4 Ba4 45.
Bc3 b5 46. Bd2 Bd1 47. Bc3 {Game drawn by mutual agreement} 1/2-1/2

[Event "ICC tourney 2008 (45 10)"]
[Site "Internet Chess Club"]
[Date "2020.09.19"]
[Round "2"]
[White "Chris0708"]
[Black "shrey16ultimate"]
[Result "0-1"]
[ICCResult "White checkmated"]
[WhiteElo "1254"]
[BlackElo "1622"]
[Opening "Caro-Kann: classical variation"]
[ECO "B18"]
[NIC "CK.10"]
[Time "13:31:38"]
[TimeControl "2700+10"]

1. e4 c6 2. d4 d5 3. Nc3 dxe4 4. Nxe4 Bf5 5. Ng3 Bg6 6. Nf3 Nd7 7. Bc4 e6 8.
O-O Qc7 9. Re1 Ngf6 10. b3 Bd6 11. Bb2 O-O 12. Ne5 Bxe5 13. dxe5 Nd5 14. Rc1
Rfd8 15. Qd2 N7b6 16. Bd3 Ne7 17. Qe2 Bxd3 18. cxd3 Ng6 19. d4 Ne7 20. Rcd1
Nbd5 21. Qf3 a5 22. Ba3 a4 23. h3 axb3 24. Qxb3 Ra7 25. Bc5 b6 26. Bd6 Qd7
27. Ra1 Rda8 28. Rec1 Nc8 29. Ne4 f5 30. Nc3 Nxd6 31. Nxd5 cxd5 32. exd6
Qxd6 33. Rcb1 Ra6 34. a4 Qc6 35. Kf1 Kf7 36. Ke2 Rxa4 37. Rxa4 Rxa4 38. Qxb6
Ra2+ 39. Ke3 Qc3+ 40. Kf4 Rxf2+ 41. Ke5 Qg3# {White checkmated} 0-1

[Event "ICC tourney 2008 (45 10)"]
[Site "Internet Chess Club"]
[Date "2020.09.19"]
[Round "2"]
[White "amdink"]
[Black "mnm1"]
[Result "0-1"]
[ICCResult "White checkmated"]
[WhiteElo "1214"]
[BlackElo "1355"]
[Opening "Sicilian"]
[ECO "B56"]
[NIC "SI.25"]
[Time "13:31:41"]
[TimeControl "2700+10"]

1. e4 c5 2. Nf3 d6 3. d4 cxd4 4. Nxd4 Nf6 5. Nc3 Nc6 6. Bb5 Bd7 7. O-O e6 8.
Bg5 Be7 9. Nxc6 bxc6 10. Bc4 O-O 11. Be3 a5 12. a4 Rb8 13. Qd2 Qc7 14. Rfd1
Rxb2 15. Bb3 Rb8 16. Qc1 R2xb3 17. cxb3 Rxb3 18. Nb5 Qb8 19. Nd4 Rb6 20.
Nxe6 Bxe6 21. Bxb6 Qxb6 22. Rb1 Qc7 23. f3 h6 24. Qb2 d5 25. exd5 Nxd5 26.
Qb7 Bc5+ 27. Kh1 Qxb7 28. Rxb7 Bb4 29. h4 Nc3 30. Rd8+ Kh7 31. h5 g6 32.
hxg6+ Kxg6 33. Rg8+ Kf6 34. Rh8 c5 35. Rxh6+ Kg5 36. Rh8 Nxa4 37. Rbb8 c4
38. Rb5+ Kf4 39. Rh4+ Ke3 40. Re4+ Kd3 41. Rbe5 c3 42. Re3+ Kc2 43. g4 Kb2
44. g5 c2 45. Re2 Kb1 46. Rxc2 Kxc2 47. g6 Bc3 48. g7 f5 49. Rxe6 Bxg7 50.
Re7 Bc3 51. Rf7 Nb6 52. Rxf5 a4 53. Rf7 a3 54. Ra7 Nc4 55. Rxa3 Nxa3 56. f4
Kd2 57. Kg2 Ke3 58. Kg3 Nc4 59. Kg4 Ke4 60. f5 Ne3+ 61. Kg5 Nxf5 62. Kg6 Kf4
63. Kf7 Ke5 64. Kg6 Bd2 65. Kf7 Bg5 66. Kg6 Bf6 67. Kf7 Nd6+ 68. Kg6 Nf5 69.
Kf7 Ne7 70. Kf8 Ke6 71. Ke8 Nc6 72. Kf8 Nd4 73. Ke8 Nf5 74. Kf8 Nd6 75. Kg8
Kf5 76. Kf8 Kg6 77. Kg8 Be7 78. Kh8 Nf5 79. Kg8 Nh6+ 80. Kh8 Bf6#
{White checkmated}
0-1

[Event "ICC tourney 2008 (45 10)"]
[Site "Internet Chess Club"]
[Date "2020.09.19"]
[Round "2"]
[White "mnm2"]
[Black "AkshatSuresh"]
[Result "1-0"]
[ICCResult "Black checkmated"]
[WhiteElo "1327"]
[BlackElo "1662"]
[Opening "Sicilian: Kan, Maróczy bind (Réti variation)"]
[ECO "B41"]
[NIC "SI.41"]
[Time "13:32:31"]
[TimeControl "2700+10"]

1. e4 c5 2. Nf3 e6 3. d4 cxd4 4. Nxd4 a6 5. c4 Nf6 6. Nc3 Nc6 7. Be3 Bb4 8.
f3 d6 9. Rc1 O-O 10. Be2 Qc7 11. O-O Bc5 12. Nc2 Bxe3+ 13. Nxe3 Qb6 14. Qd2
Rd8 15. Rf2 e5 16. Na4 Qa7 17. Nd5 Nxd5 18. cxd5 Nd4 19. Kf1 Bd7 20. Nc3 Qb6
21. b3 Rac8 22. f4 Qb4 23. fxe5 dxe5 24. Bh5 f6 25. Qe3 a5 26. Qg3 Rf8 27.
Kg1 Bb5 28. Qe3 Rc7 29. Bg4 Qc5 30. Kh1 Qd6 31. Nxb5 Nxb5 32. Rxc7 Qxc7 33.
Rf1 Nd4 34. Rc1 Qb6 35. Qc3 g6 36. Qc5 Qd8 37. d6 Nc6 38. Qd5+ Kg7 39. Be6
g5 40. Qc5 Kg6 41. Bf5+ Kg7 42. a3 Rf7 43. b4 axb4 44. axb4 Nd4 45. Qc8 Nxf5
46. Qxd8 Kg6 47. Rc7 Nxd6 48. Qxd6 b5 49. Rxf7 Kxf7 50. Qc5 Kg6 51. Qxb5 Kh5
52. Qe2+ Kh6 53. b5 f5 54. exf5 e4 55. Qxe4 g4 56. b6 g3 57. hxg3 Kh5 58.
Qh4# {Black checkmated} 1-0